 Dungeon Crawl Stone Soup version 0.30.1-9-gdf580d7c3d (webtiles) character file.

Game seed: 11315865700902249192

32 Ivernyr the Shield-Bearer (level 3, -14/29 HPs)
             Began as a Formicid Fighter on Oct 6, 2023.
             Demolished by Crazy Yiuf
             ... wielding a +2 quarterstaff of chaos
              (23 damage)
             ... on level 2 of the Dungeon.
             The game lasted 00:02:44 (845 turns).

Ivernyr the Shield-Bearer (Formicid Fighter)         Turns: 845, Time: 00:02:46

Health: -14/29     AC:  6    Str: 20    XL:     3   Next: 42%
Magic:  3/3        EV:  9    Int:  7    God:
Gold:   121        SH:  5    Dex: 15    Spells: 2/2 levels left

rFire   . . .        a - +0 long sword
rCold   . . .        c - +0 buckler
rNeg    . . .        b - +0 scale mail
rPois   .            (helmet unavailable)
rElec   .            (no cloak)
rCorr   .            (no gloves)
SInv    +            (no boots)
Will    .....        (no amulet) Stlth
                     (no ring)
HPRegen 0.24/turn    (no ring)
MPRegen 0.08/turn

%: no passive effects
@: no status effects
A: permanent stasis, dig shafts and tunnels, antennae 3, four strong arms
a: Dig, Shaft Self


You were on level 2 of the Dungeon.
You visited 1 branch of the dungeon, and saw 2 of its levels.

You collected 121 gold pieces.

Inventory:

Hand Weapons
 a - a +0 long sword (weapon)
Armour
 b - a +0 scale mail (worn)
 c - a +0 buckler (worn)
Scrolls
 f - a scroll of identify {unknown}
 g - a scroll of poison {unknown}
 i - a scroll of magic mapping {unknown}
 j - a scroll of vulnerability {unknown}
Potions
 d - a potion of might
 e - 2 potions of haste {unknown}
 h - a potion of heal wounds {unknown}
 k - a potion of flight {unknown}


   Skills:
 + Level 3.6 Fighting
 * Level 2.7 Long Blades
 + Level 3.6 Armour
 + Level 4.4 Shields


You had 2 spell levels left.
You didn't know any spells.
Your spell library was empty.

Dungeon Overview and Level Annotations

Branches:
Dungeon (2/15)

Altars:

Annotations:
D:2 Crazy Yiuf


Innate Abilities, Weirdness & Mutations

You cannot be hasted, slowed, berserked, paralysed or teleported.
You can dig through walls and to a lower floor.
You have a pair of large antennae on your head. (SInv)
Your four strong arms can wield two-handed weapons with a shield.


Message History

You are no longer poisoned.
The adder bites you. The adder bites you but does no damage.
You hit the adder but do no damage.
The adder is moderately wounded.
The adder bites you but does no damage.
You hit the adder.
The adder is heavily wounded.
The adder bites you but does no damage. The adder barely misses you.
You closely miss the adder.
The adder is heavily wounded.
The adder bites you but does no damage. The adder barely misses you.
You closely miss the adder.
The adder is heavily wounded.
The adder bites you but does no damage. x2
You slash the adder!
You kill the adder!
e - 2 dark potions (gained 1)
A ball python comes into view.
The ball python hisses angrily.
The ball python bites you but does no damage.
The ball python grabs you. The ball python constricts you.
You hit the ball python.
You kill the ball python!
HP restored.
There is an open door here.
Found a hammer.
Found a runed translucent door.
Crazy Yiuf shouts!
You sense a monster nearby.
You open the door. You hit Crazy Yiuf.
Crazy Yiuf is moderately wounded.
Crazy Yiuf drinks a potion.
Crazy Yiuf goes berserk!
You hit Crazy Yiuf.
Crazy Yiuf is heavily wounded.
Crazy Yiuf hits you with a +2 quarterstaff of chaos!!
Ouch! That really hurt!
Your stasis prevents you from being slowed.
Crazy Yiuf hits you with a +2 quarterstaff of chaos!!
Ouch! That really hurt!
You die...

....(. ......
....[### .......
....... ♣♣♣♣♣##
....##. ###
♣♣♣.♣...###.# #.
#...#♣..♣..P.....#
#.
#...g@♣♣♣♣.P.....#
#. #)..#♣♣
♣♣..#.#'####. ###
♣♣##........
#........
#....#### #....#
........#
.....#### ####.


You could see Crazy Yiuf (berserk).

Vanquished Creatures
  An adder (D:2)
  A bat (D:1)
  An endoplasm (D:1)
  3 goblins (D:1)
  3 hobgoblins
  5 ball pythons
  6 frilled lizards (D:1)
  A kobold (D:1)
  2 rats (D:1)
23 creatures vanquished.

Notes
Turn   | Place    | Note
-------+----------+-------------------------------------------
     0 | D:1      | Ivernyr the Formicid Fighter began the quest for the Orb.
     0 | D:1      | Reached XP level 1. HP: 18/18 MP: 1/1
   151 | D:1      | Reached XP level 2. HP: 24/24 MP: 2/2
   728 | D:2      | Reached XP level 3. HP: 28/29 MP: 3/3
   837 | D:2      | Found a runed translucent door.
   838 | D:2      | Noticed Crazy Yiuf
   845 | D:2      | Demolished by Crazy Yiuf

Illustrated notes

Levels and vault maps discovered:
D:1:      erik_arrival_triangle_huge, layout_basic, feat_on_display
D:2:      layout_basic, uniq_crazy_yiuf_cottage

Action                     || total
---------------------------++-------
  Melee: Long sword        ||    79
 Armour: Scale mail        ||    49
  Dodge: Dodged            ||    34
  Block: Buckler           ||    23
